Map: Abyssal Reef LE

Players

BackupC (Dolan) - Winner!

  • Race: Terran Terran
  • Spawn Location: 11:00

Mackintac

  • Race: Zerg Zerg
  • Spawn Location: 5:00

Event: WCS Montreal 2017

VOD

Have the link to the VOD?

Description

Time

  • Played on: Sept. 8, 2017, 1:34 p.m.
  • Length: 8:01

All games in this series

Show
View Real Time Build Order
Export as new Build Order

BackupC Terran - Winner!

Build Orders: Liberator Opening 

Get SALT Encoding   

  12  0:00  SCV  
  13  0:12  SCV  
  14  0:17  Supply Depot  
  14  0:25  SCV  
  15  0:38  SCV  
  15  0:40  Barracks  
  16  0:43  Refinery  
  16  0:50  SCV  
  17  1:02  SCV  
  18  1:14  SCV  
  19  1:27  Orbital Command, Marine  
  20  1:42  Command Center  
  20  1:45  Marine  
  21  1:53  SCV  
  22  2:01  Factory  
  22  2:04  Barracks Reactor  
  22  2:12  Supply Depot  
  22  2:14  Refinery  
  22  2:16  SCV  
  23  2:34  SCV  
  24  2:46  SCV  
  24  2:47  Starport  
  25  2:52  Marine  
  25  2:53  Hellion x2  
  25  2:55  Orbital Command  
  30  3:10  Marine  
  31  3:14  Hellion x2  
  35  3:24  Medivac  
  35  3:26  Armory  
  37  3:29  Marine  
  38  3:36  Liberator  
  38  3:38  Hellion x2  
  42  3:44  SCV  
  42  3:45  Supply Depot  
  46  4:06  SCV x2, Hellion x2  
  46  4:08  Supply Depot  
  52  4:14  Terran Vehicle Weapons Level 1  
  52  4:21  SCV x2  
  54  4:27  Factory, Hellion x2  
  54  4:30  Barracks Reactor  
  54  4:32  Refinery  
  54  4:36  SCV x2  
  56  4:47  Hellion x2  
  60  4:53  SCV x2  
  56  5:10  SCV x2, Hellion x2  
  57  5:22  SCV x2  
  59  5:35  Cyclone x3  
  62  5:38  Supply Depot  
  62  5:40  Cyclone  
  62  5:41  SCV x2  
  67  5:50  Viking  
  67  5:53  SCV  
  70  6:00  SCV  
  71  6:04  Supply Depot  
  71  6:05  Command Center  
  71  6:11  Refinery  
  71  6:13  SCV x2  
  72  6:27  SCV x2  
  74  6:34  Hellion x3  
  74  6:35  Hellion  
  82  6:42  SCV x2  
  84  6:56  Factory  
  84  6:57  Factory x2  
  86  7:08  Hellion  
  86  7:14  SCV x2, Hellion x3  
  94  7:16  Supply Depot  
  93  7:26  SCV  
  94  7:37  Starport Reactor  
  94  7:38  Hellion x4  
  94  7:43  SCV  
  103  7:54  Factory Tech Lab  
  103  7:55  Factory Tech Lab x2  
Show
View Real Time Build Order
Export as new Build Order

Mackintac Zerg 

Build Orders: Hatch First 

Get SALT Encoding   

  12  0:01  Drone  
  13  0:12  Overlord  
  13  0:18  Drone  
  14  0:32  Drone x2  
  14  0:35  Drone  
  17  0:54  Hatchery  
  17  0:57  Drone  
  17  0:59  Drone  
  17  1:03  Extractor  
  17  1:16  Spawning Pool  
  17  1:18  Drone  
  17  1:21  Drone  
  18  1:28  Drone  
  19  1:39  Overlord  
  19  1:50  Drone  
  20  2:02  Queen  
  20  2:03  Metabolic Boost  
  20  2:05  Zergling x2  
  20  2:06  Queen  
  25  2:16  Drone  
  25  2:18  Drone  
  25  2:22  Overlord  
  27  2:28  Drone  
  28  2:45  Queen  
  28  2:49  Hatchery  
  30  2:53  Hatchery  
  29  2:59  Drone x2  
  29  3:01  Drone  
  29  3:04  Drone  
  33  3:08  Overlord  
  33  3:16  Queen  
  35  3:21  Drone  
  35  3:26  Queen  
  38  3:31  Overlord  
  38  3:33  Drone  
  39  3:35  Drone  
  39  3:38  Drone  
  39  3:40  Drone  
  42  3:42  Drone  
  42  3:46  Drone  
  44  3:50  Drone x2  
  44  3:51  Drone  
  44  3:52  Drone  
  48  4:01  Queen  
  50  4:03  Drone x2  
  50  4:07  Queen  
  54  4:12  Drone  
  54  4:13  Drone x2  
  57  4:20  Zergling x2  
  57  4:27  Overlord  
  55  4:37  Zergling x14  
  54  4:43  Queen  
  50  4:48  Zergling x6  
  50  4:49  Zergling x10  
  48  5:01  Drone  
  48  5:13  Zergling x4  
  40  5:20  Zergling x4  
  40  5:21  Zergling x4  
  42  5:29  Queen  
  42  5:34  Drone  
  38  5:52  Drone x2  
  40  6:06  Drone  
  40  6:07  Drone x6, Hatchery  
  46  6:11  Zergling x2  
  46  6:15  Overlord  
  47  6:23  Zergling x4  
  48  6:34  Drone  
  48  6:36  Queen x2  
  48  6:38  Zergling x4  
  48  6:39  Zergling x2  
  56  6:53  Zergling x2  
  56  6:54  Zergling x8  
  59  7:18  Zergling x10  
  58  7:26  Zergling x2  
  58  7:27  Zergling x2  
  62  7:31  Drone  
  62  7:32  Baneling Nest  
  62  7:33  Drone  
  58  7:45  Drone  
Tags
 
Add a new tag
Caveats
  • Supply blocks, unpowered buildings, or Contaminate may cause inaccurate times.
  • Supply counts are checked every 10 seconds.